 Dungeon Crawl Stone Soup version 0.31-a0-538-gbc85326fa9 (webtiles) character file.

Game seed: 10628072211185341627

57 sampeng1 the Ruffian (level 4, -3/33 HPs)
             Began as a Human Shapeshifter on Aug 13, 2023.
             Slain by a goblin
             ... wielding a +0 club
             ... led by Robin
              (5 damage)
             ... on level 2 of the Dungeon.
             The game lasted 00:03:32 (1229 turns).

sampeng1 the Ruffian (Human Shapeshifter)           Turns: 1229, Time: 00:03:32

Health: -3/33      AC:  3    Str: 17    XL:     4   Next: 18%
Magic:  4/4        EV: 12    Int:  9    God:
Gold:   67         SH:  0    Dex: 13    Spells: 3/3 levels left

rFire   . .          .
                       - Unarmed
rCold   . . .        (no shield)
rNeg    . . .        i - +0 leather armour
rPois   .            (helmet currently unavailable)
rElec   .            (cloak currently unavailable)
rCorr   .            (gloves currently unavailable)
SInv    .            (boots currently unavailable)
Will    .....        (no amulet)
Stlth   +            (no ring)
HPRegen 0.25/turn    (no ring)
MPRegen 0.09/turn

%: no passive effects
@: beast-form
A: beast (slay +2)
a: Begin Untransformation


You were on level 2 of the Dungeon.
You were a hulking beast.
You visited 1 branch of the dungeon, and saw 2 of its levels.

You collected 67 gold pieces.

Inventory:

Armour
 a - a +0 animal skin
 i - a +0 leather armour (worn)
Talismans
 c - a beast talisman (active)
 d - a flux talisman
Scrolls
 e - a scroll of fear {unknown}
 f - 2 scrolls of teleportation {unknown}
 h - a scroll of summoning {unknown}
Potions
 b - a potion of lignification
 g - a potion of curing {unknown}
 j - a potion of heal wounds {unknown}
 k - a potion of degeneration {unknown}
 l - a potion of attraction {unknown}


   Skills:
 + Level 1.9 Fighting
 + Level 2.6 Dodging
 + Level 3.5 Unarmed Combat
 + Level 3.3 Shapeshifting


You had 3 spell levels left.
You didn't know any spells.
Your spell library was empty.

Dungeon Overview and Level Annotations

Branches:
Dungeon (2/15)

Altars:

Annotations:
D:2 Robin


Message History

The hobgoblin shouts!
You hear an angry hiss.
Okay, then.
Robin shouts!
The hobgoblin shouts!
You hit the goblin.
You kill the goblin!
You hear a shout!
Robin roars a battlecry!
The goblins go into a battle-frenzy!
The goblin shoots a sling bullet.
The sling bullet misses you.
A ball python comes into view.
Robin throws the goblin at you! The goblin hits you but does no damage.
The goblin hits you with a +0 club.
The goblin unwields a +0 sling.
The goblin wields a +0 club.
The goblin hits you but does no damage.
Things that are here:
a +0 club; a goblin corpse You hit the goblin.
You kill the goblin!
The hobgoblin hits you. The goblin hits you with a +0 dagger.
The goblin hits you with a +0 club. The goblin hits you but does no damage.
You punch the hobgoblin!
You kill the hobgoblin!
The goblin hits you but does no damage.
The hobgoblin hits you but does no damage.
The dart slug launches a dart at you. The slug dart hits you.
* * * LOW HITPOINT WARNING * * *
The goblin hits you with a +0 club.
* * * LOW HITPOINT WARNING * * *
Robin throws the goblin at you! The goblin barely misses you.
You miss the goblin. The goblin barely misses you. The hobgoblin hits you.
* * * LOW HITPOINT WARNING * * *
The goblin misses you. The hobgoblin barely misses you. The goblin misses you.
The goblin hits you with a +0 club.
* * * LOW HITPOINT WARNING * * *
The goblin hits you but does no damage.
You closely miss the goblin. The goblin misses you.
The hobgoblin barely misses you. The goblin hits you with a +0 club.
* * * LOW HITPOINT WARNING * * *
The goblin hits you with a +0 club.
You die... ###### #....# #....# #.w..# #ggg.# #ghg.# .. #gggS#

....#
#.g..g...
.....
#.........
....#
#.........
....
..........
...
.####.....
.... ##
##### ####
#


You could see Robin, a dart slug, 3 hobgoblins, 6 goblins and a ball python.

Vanquished Creatures
  2 adders (D:2)
  A dart slug (D:1)
  4 ball pythons (D:1)
  4 bats
  5 endoplasms
  A giant cockroach (D:1)
  6 goblins
  4 hobgoblins
  2 frilled lizards
  3 kobolds
  2 rats (D:1)
34 creatures vanquished.

Notes
Turn   | Place    | Note
-------+----------+-------------------------------------------
     0 | D:1      | sampeng1 the Human Shapeshifter began the quest for the
                  | Orb.
     0 | D:1      | Reached XP level 1. HP: 15/15 MP: 1/1
   187 | D:1      | Reached XP level 2. HP: 11/21 MP: 2/2
   423 | D:1      | Reached XP level 3. HP: 22/26 MP: 3/3
   446 | D:1      | You fall into a shaft and drop 1 floor!
  1042 | D:2      | Found a faded altar of an unknown god.
  1210 | D:2      | Reached XP level 4. HP: 33/33 MP: 4/4
  1223 | D:2      | Noticed Robin
  1229 | D:2      | Slain by a goblin

Illustrated notes

Levels and vault maps discovered:
D:1:      kennysheep_arrival_seaside, layout_loops_ring
D:2:      mumra_celtic_spiral_tile, layout_basic, ebering_ecumenical_altar_rust,
          serial_bayou_crossing, uniq_robin

Action                     |  1- 3 |  4- 6 || total
---------------------------+-------+-------++-------
  Melee: Unarmed           |    70 |     5 ||    75
         Punch             |     2 |       ||     2
   Stab: Sleeping          |     3 |       ||     3
 Armour: Animal skin       |    11 |       ||    11
         Leather armour    |     7 |     8 ||    15
  Dodge: Dodged            |    38 |     9 ||    47

Table legend: (Time is in decaauts)
 A = Elapsed time spent in this place.
 B = Non-inter-level travel time spent in this place.
 C = Inter-level travel time spent in this place.
 D = Time resting spent in this place.
 E = Time spent auto-exploring this place.
 F = Levels seen in this place.
 G = Mean time per level.
                   A        B        C        D        E       F      G
               +--------+--------+--------+--------+--------+-----+--------+
         Total |   1232 |   1168 |     64 |      0 |    867 |   2 |  616.0 |
       Dungeon |   1232 |   1168 |     64 |      0 |    867 |   2 |  616.0 |
               +--------+--------+--------+--------+--------+-----+--------+

Top non-repeatable levels by time:
     D:1: 1003 daAuts
     D:2: 228 daAuts
